 Dungeon Crawl Stone Soup version 0.29.1-12-g30fa7ad0bf (webtiles) character file.

Game seed: 18067738733042367185

49 shoemetal68 the Scratcher (level 3, -5/13 HPs)
             Began as a Felid Transmuter on Dec 17, 2022.
             Was a Follower of Hepliaklqana.
             Slain by Terence
             ... wielding a +0 flail
              (9 damage)
             ... on level 2 of the Dungeon.
             The game lasted 00:12:17 (2270 turns).

shoemetal68 the Scratcher (Felid Transmuter)        Turns: 2270, Time: 00:12:18

Health: -5/13      AC:  1    Str:  8    XL:     3   Next: 53%
Magic:  7/7        EV: 17    Int: 14    God:    Hepliaklqana [*.....]
Gold:   56         SH:  0    Dex: 16    Spells: 5/6 levels left
                                        Lives:  0   Deaths: 0

rFire   x . .      SeeInvis +     - Unarmed
rCold   + . .      Faith    .   (shield unavailable)
rNeg    . . .      Spirit   .   (body armour unavailable)
rPois   .          Reflect  .   (helmet unavailable)
rElec   .          Harm     .   (cloak unavailable)
rCorr   .          Rampage  .   (gloves unavailable)
Will    .....                   (boots unavailable)
Stlth   ++........              (no amulet)
HPRegen 0.04/turn               g - ring of ice
MPRegen 0.10/turn               (no ring)

@: quick
A: reduced essence, very small, claws 1, fangs 3, see invisible, speed 1, shaggy
fur 1, stealthy paws, no weapons or thrown items, no armour, multi-lived
a: Renounce Religion, Recall Ancestor, Ancestor Identity


You were on level 2 of the Dungeon.
You worshipped Hepliaklqana.
Hepliaklqana was aware of your devotion.
You visited 1 branch of the dungeon, and saw 2 of its levels.

You collected 56 gold pieces.

Inventory:

Jewellery
 g - a ring of ice (left paw)
Scrolls
 d - a scroll of magic mapping {unknown}
 e - a scroll of brand weapon {unknown}
 f - 2 scrolls of poison
 h - a scroll of identify
 j - a scroll of blinking {unknown}
 k - a scroll of immolation {unknown}
Potions
 a - a potion of lignification
 b - a potion of cancellation {unknown}
 c - a potion of degeneration {unknown}
 i - a potion of heal wounds {unknown}
 l - a potion of haste {unknown}


   Skills:
 + Level 1.0 Fighting
 + Level 2.9 Dodging
 + Level 0.4 Stealth
 + Level 4.2 Unarmed Combat
 + Level 2.0 Spellcasting
 + Level 2.5 Transmutations


You had 5 spell levels left.
You knew the following spells:

 Your Spells              Type           Power      Damage    Failure   Level
a - Beastly Appendage     Tmut           16%        N/A       9%          1

Your spell library contained the following spells:

 Spells                   Type           Power      Damage    Failure   Level
 Wereblood                Tmut           8%         N/A       12%         2
 Apportation              Tloc           2%         N/A       24%         1
 Spider Form              Tmut/Pois      5%         N/A       38%         3
 Ice Form                 Ice/Tmut       7%         N/A       80%         4
 Alistair's Intoxication  Tmut/Pois      3%         N/A       98%         5


Dungeon Overview and Level Annotations

Branches:
Dungeon (2/15)

Altars:
Hepliaklqana

Annotations:
D:2 Terence


Innate Abilities, Weirdness & Mutations

Your life essence is reduced to manifest your ancestor. (-10% HP)
You have sharp claws.
You have razor-sharp teeth.
You have supernaturally acute eyesight. (SInv)
You cover ground quickly. (Speed+)
You are covered in fur. (AC +1)
Your paws help you pounce on unaware monsters.
You are incapable of wielding weapons or throwing items.
You cannot wear armour.
You gain extra lives every three experience levels.


Message History

The adder bites you.
You scratch the adder.
You kill the adder!
You see here an orb of wrath.
m - an orb of wrath You drop an orb of wrath.
You swap places.
You see here an orb of wrath.
Found 4 datura-tipped darts.
Why would you want to do that?
Found 7 gold pieces.
You see here 4 datura-tipped darts.
You swap places.
You now have 56 gold pieces (gained 7).
You swap places.
You open the door.
There is an open door here.
You open the door.
You swap places.
Why would you want to do that?
You see here 4 datura-tipped darts.
Why would you want to do that?
You open the door.
Terence the Incautious comes into view.
He is wielding a +0 flail.
There is an open door here.
Ragnarr hits Terence.
Terence hits Ragnarr with a +0 flail!
Ragnarr is destroyed!
Terence closely misses you.
You scratch Terence.
Terence is moderately wounded.
Terence misses you.
You scratch Terence. You bite Terence, but do no damage.
Terence is heavily wounded.
Terence hits you with a +0 flail!
Ouch! That really hurt!
You barely miss Terence.
Terence is heavily wounded.
Terence hits you with a +0 flail!
Ouch! That really hurt!
You die...

........................'..'.....
.#...≈...≈...≈..........####.....
.#......................# #.....
.#.≈...≈...≈...≈.#######.........
(#...............# .......##
.....≈...≈...≈...#######.......#.
#......................#.......#.
##.≈...≈...≈...≈.......#.......#.
##......[......@......# ##
##############@####### #...#
###..# #..# #.# .# #


You could see Terence.

Vanquished Creatures
  3 adders (D:2)
  A dart slug (D:1)
  2 ball pythons (D:1)
  An endoplasm (D:2)
  2 giant cockroaches (D:1)
  4 hobgoblins (D:1)
  2 jackals (D:1)
  A frilled lizard (D:2)
  A kobold (D:1)
  2 rats (D:1)
19 creatures vanquished.

Vanquished Creatures (collateral kills)
  2 ball pythons (D:1)
  A rat (D:1)
3 creatures vanquished.

Vanquished Creatures (others)
  An ancestor (D:2)
  A withered plant (D:1)
2 creatures vanquished.

Grand Total: 24 creatures vanquished

Notes
Turn   | Place    | Note
-------+----------+-------------------------------------------
     0 | D:1      | shoemetal68 the Felid Transmuter began the quest for the
                  | Orb.
     0 | D:1      | Reached XP level 1. HP: 9/9 MP: 4/4
   413 | D:1      | Found a faded altar of an unknown god.
   433 | D:1      | Prayed at the altar of an unknown god.
   433 | D:1      | Became a worshipper of Hepliaklqana the Forgotten
   433 | D:1      | Reached * piety under Hepliaklqana
   455 | D:1      | Reached XP level 2. HP: 7/10 MP: 6/6
  1741 | D:2      | Reached XP level 3. HP: 3/13 MP: 7/7
  2086 | D:2      | Reached skill level 4 in Unarmed Combat
  2261 | D:2      | Noticed Terence
  2270 | D:2      | Slain by Terence

Illustrated notes

Levels and vault maps discovered:
D:1:      psy_arrival_spokes, layout_loops_corners,
          ebering_ecumenical_altar_petrified, serial_rivers,
          chequers_serial_rivers_room_a, chequers_serial_rivers_micro_e,
          chequers_serial_rivers_micro_d, chequers_serial_rivers_micro_a,
          st_stairs_4
D:2:      layout_basic, kennysheep_crisscross, st_stairs_10,
          kennysheep_generic_room_3, uniq_terence

Skill      XL: |  1  2  3 |
---------------+----------+-----
Unarmed Combat | 4 |  4.2
Fighting       | |  1.0
Dodging        | |  2.9
Stealth        | |  0.4
Spellcasting   | |  2.0
Transmutations | |  2.5

Action                   || total
-------------------------++-------
Melee: Unarmed           ||    71
       Bite              ||    10
       Punch             ||     4
Invok: Ancestor Identity ||     1
  Use: Scroll            ||     4
Armor: Skin              ||     7
Dodge: Dodged            ||    71
